 Dungeon Crawl Stone Soup version 0.17.1-2-g5865329 (webtiles) character file.

106 JustSomeDude the Ducker (level 4, 0/34 HPs)
             Began as a Demonspawn Gladiator on Jan 21, 2016.
             Slain by a giant newt (2 damage)
             ... on level 2 of the Dungeon.
             The game lasted 00:03:20 (1802 turns).

JustSomeDude the Ducker (Demonspawn Gladiator)      Turns: 1802, Time: 00:03:21

Health: 0/34       AC:  9    Str: 16      XL:     4   Next: 55%
Magic:  4/4        EV:  7    Int: 10      God:
Gold:   82         SH:  0    Dex: 11 (13) Spells: 0 memorised, 3 levels left

rFire  . . .     SeeInvis .     a - +1 trident
rCold  . . .     Clarity  .     h - +1 chain mail
rNeg   . . .     SustAt   .     (no shield)
rPois  .         Gourm    .     (helmet restricted)
rElec  .         Spirit   .     (no cloak)
rCorr  .         Warding  .     (no gloves)
rMut   .         Stasis   .     (no boots)
MR     .....                    (no amulet)
Stlth  ..........               (no ring)
                                (no ring)

@: lethally poisoned (0 -> -1), not resistant to hostile enchantments, extremely
unstealthy
A: antennae 2
a: no special abilities


You were on level 2 of the Dungeon.
You were not hungry.

You visited 1 branch of the dungeon, and saw 2 of its levels.

You collected 82 gold pieces.

Inventory:

Hand Weapons
 a - a +1 trident (weapon)
Missiles
 d - 3 throwing nets (quivered)
Armour
 b - a cursed +0 helmet
 h - a +1 chain mail (worn)
Jewellery
 c - an uncursed ring of fire {unknown}
Scrolls
 f - 2 scrolls of remove curse
 g - a scroll of immolation
 i - 3 scrolls of teleportation {unknown}
 j - 2 scrolls of identify {unknown}
Comestibles
 e - 2 bread rations
 k - 3 fruits


   Skills:
 + Level 2.7 Fighting
 + Level 3.2 Polearms
 + Level 1.8 Throwing
 + Level 1.4 Armour
 + Level 3.6 Dodging
 + Level 0.4 Stealth


You had 3 spell levels left.
You didn't know any spells.

Dungeon Overview and Level Annotations

Branches:
Dungeon (2/15)

Altars:
Okawaru

Annotations:
D:1 1 runed door


Innate Abilities, Weirdness & Mutations

You have a pair of antennae on your head.


Message History

The giant newt barely misses you. The adder bites you.
* * * LOW HITPOINT WARNING * * *
The kobold barely misses you.
You miss the adder.
The adder is almost dead.
The adder bites you but does no damage. The giant newt bites you.
* * * LOW HITPOINT WARNING * * *
The kobold hits you.
* * * LOW HITPOINT WARNING * * *
You miss the adder.
The adder is almost dead.
You feel sick. The adder barely misses you. The giant newt barely misses you.
The adder bites you but does no damage. The kobold hits you but does no damage.
You closely miss the adder.
The adder is almost dead.
The giant newt bites you but does no damage.
The adder bites you.
* * * LOW HITPOINT WARNING * * *
The kobold hits you but does no damage. The giant newt bites you.
You die...

. .### ##... ...# # #..#
##..##..###.###
......SK....... #@#
#..#### #l#{.......
#.###..... #.........
##### .# #..##.### ....#
#.# #.......# ....# #.#
#.....#.# ##+ ....####.#
#.......# #..
.....)...#######.#†.####
#.# #..


You could see an adder, a kobold and a giant newt.

Vanquished Creatures
  Robin (D:2)
  5 adders (D:2)
  2 oozes
  A giant gecko (D:1)
  A ball python (D:1)
  2 bats (D:1)
  A giant cockroach (D:1)
  4 hobgoblins
  A jackal (D:2)
  2 giant newts (D:1)
  14 goblins
  7 kobolds
  6 rats
47 creatures vanquished.

Notes
Turn   | Place    | Note
--------------------------------------------------------------
     0 | D:1      | JustSomeDude the Demonspawn Gladiator began the quest for the Orb.
     0 | D:1      | Reached XP level 1. HP: 16/16 MP: 1/1
     1 | D:1      | Found a runed door.
   182 | D:1      | Reached skill level 3 in Dodging
   182 | D:1      | Gained mutation: You have a pair of small antennae on your head. [demonic ancestry]
   182 | D:1      | Reached XP level 2. HP: 19/22 MP: 2/2
   378 | D:1      | Found an iron altar of Okawaru.
   955 | D:2      | Noticed Robin
   966 | D:2      | Gained mutation: You have a pair of antennae on your head. [demonic ancestry]
   966 | D:2      | Reached XP level 3. HP: 18/27 MP: 3/3
   981 | D:2      | HP: 1/27 [goblin/club[Robin] (2)]
   991 | D:2      | Killed Robin
  1361 | D:2      | Reached XP level 4. HP: 27/34 MP: 4/4
  1456 | D:2      | Reached skill level 1 in Armour
  1802 | D:2      | Slain by a giant newt

Action                   |  1- 3 |  4- 6 || total
-------------------------+-------+-------++-------
Melee: Trident           |   130 |    75 ||   205
  Use: Potion            |     1 |       ||     1
       Scroll            |       |     5 ||     5
  Eat: Meat ration       |     1 |       ||     1
